 Dungeon Sprint DCSS version bcrawl-1.15.1 (webtiles) character file.

Game seed: 10378926099248918156

93 Kerapac the Charlatan (level 4, 26/41 HPs)
             Began as an Oni Archaeologist on Oct 3, 2019.
             Quit the game in the Dungeon (Sprint II: "The Violet Keep of Menkaure").
             The game lasted 00:01:24 (42 turns).

Kerapac the Charlatan (Oni Archaeologist)             Turns: 42, Time: 00:01:24

Health: 26/41      AC:  6    Str: 15    XL:     4   Next: 61%
Magic:  5/11       EV: 12    Int: 15    God:
Gold:   0          SH:  0    Dex: 10    Spells: 3/3 levels left

rFire    . . .     SeeInvis .   f - +9 staff of Olgreb {rPois}
rCold    . . .     Gourm    .   (no shield)
rNeg     . . .     Faith    .   b - +1 animal skin
rPois    ∞         Spirit   .   c - +1 hat
rElec    .         Reflect  .   (no cloak)
rCorr    .         Harm     .   (no gloves)
MR       .....     NoTele   +   d - +1 pair of boots
Stlth    ++........             (no amulet)
HPRegen  0.13/turn              (no ring)
MPRegen  0.12/turn              (no ring)

@: mildly poisoned (26 -> 26), berserk cooldown, hasted, very quick
A: oni magic, claws 1, fangs 1, horns 1
a: no special abilities


You were in the Dungeon.
You were not hungry.

You visited 1 branch

Inventory:

Hand Weapons
 a - a +0 whip
 f - the +9 staff of Olgreb (weapon) {rPois}

   It protects you from poison.
Armour
 b - a +1 animal skin (worn)
 c - a +1 hat (worn)
 d - a +1 pair of boots (worn)
Scrolls
 m - a scroll of blinking
Potions
 h - a potion of curing
 k - 2 potions of magic
Comestibles
 g - a ration {!d}


   Skills:
 - Level 4.8 Fighting
 - Level 5.3 Maces & Flails
 - Level 2.6 Dodging
 - Level 2.6 Stealth
 + Level 7.1 Evocations


You had 3 spell levels left.
You didn't know any spells.
Your spell library contained the following spells:

 Spells                   Type           Power        Failure   Level  Hunger
 Pain                     Necr           #...         26%         1    ##.....
 Call Imp                 Summ           #.......     38%         2    ###....


Dungeon Overview and Level Annotations

Branches:
Dungeon (1/1)

Altars:


Innate Abilities, Weirdness & Mutations

You learn spells by gaining experience, not through books or religion.
You only train spellcasting to practice magic.
You have sharp fingernails.
You have very sharp teeth.
You have a pair of small horns on your head.


Message History

The worker ant poisons you!
You hit the worker ant. You headbutt the worker ant!
The worker ant is almost dead.
You feel sick.
You completely miss the worker ant.
The worker ant is almost dead.
The worker ant bites you.
You are more poisoned.
The worker ant poisons you!
You hit the worker ant.
You kill the worker ant!
As you finish your manual of Evocations, the mysteries of the crate's mechanism unravel in your mind!
The crate's locking mechanism finally gives in, revealing the +9 staff of Olgreb {rPois}!
Your Evocations skill gained 2 levels and is now at level 7!
You feel sick.
You smell chlorine.
f - the +9 staff of Olgreb (weapon)
{rPois} Unknown command.
Unknown command.
Are you sure you want to abandon this character and quit the game? (Confirm with "yes".)

## ## ##.
.## ..#m.
## ...
##. #+#
#..###.##
#@†.<.+
#..###.##
##. #+#
##


There were no monsters in sight!

Vanquished Creatures
  4 worker ants (D)
4 creatures vanquished.

Vanquished Creatures (others)
  A crocodile (D)
1 creature vanquished.

Grand Total: 5 creatures vanquished

Notes
Turn   | Place    | Note
-------+----------+-------------------------------------------
     0 | D        | Kerapac the Oni Archaeologist began the quest for the Orb.
     0 | D        | Reached XP level 1. HP: 16/16 MP: 3/3
     1 | D        | Noticed a merfolk siren
     5 | D        | Noticed a worker ant
     5 | D        | Noticed a worker ant
    10 | D        | Killed a worker ant
    10 | D        | Reached XP level 2. HP: 27/27 MP: 4/4
    14 | D        | Reached skill level 5 in Maces & Flails
    14 | D        | Reached XP level 3. HP: 32/35 MP: 5/5
    24 | D        | Killed a crocodile
    33 | D        | Reached skill level 5 in Evocations
    33 | D        | Reached XP level 4. HP: 33/41 MP: 5/9
    40 | D        | Reached skill level 7 in Evocations
    42 | D        | Quit the game

Skill      XL: |  1  2  3  4 |
---------------+-------------+-----
Fighting       | 3 4 |  4.8
Maces & Flails | 4 5 |  5.3
Evocations     | 5 7 |  7.1
Dodging        | |  2.6
Stealth        | |  2.6

Action                   |  1- 3 |  4- 6 || total
-------------------------+-------+-------++-------
Melee: Whip              |    19 |     6 ||    25
       Headbutt          |     2 |     1 ||     3
       Bite              |       |     1 ||     1
  Use: Potion            |     3 |       ||     3
Armor: Animal skin       |     4 |       ||     4
Dodge: Dodged            |    12 |     2 ||    14
